 Dungeon Crawl Stone Soup version 0.25.0-15-gac7dcb8 (webtiles) character file.

Game seed: 12284905494818314128

25265 sieger the Fighter (level 12, -4/126 HPs)
             Began as a Troll Berserker on June 29, 2020.
             Was a High Priest of Trog.
             Slain by a black mamba (17 damage)
             ... on level 3 of the Lair of Beasts on June 30, 2020.
             The game lasted 01:14:39 (12404 turns).

sieger the Fighter (Troll Berserker)               Turns: 12404, Time: 01:14:40

Health: -4/126     AC:  9    Str: 28    XL:     12   Next: 88%
Magic:  13/13      EV: 14    Int:  3    God:    Trog [*****.]
Gold:   1270       SH:  0    Dex: 13    Spells: 11/11 levels left

rFire    . . .     SeeInvis +     - Unarmed
rCold    . . .     Gourm    +   (no shield)
rNeg     . . .     Faith    .   R - +1 troll leather armour
rPois    .         Spirit   .   (helmet restricted)
rElec    .         Reflect  .   n - scarf {repulsion}
rCorr    .         Harm     .   (gloves unavailable)
MR       +....                  (boots unavailable)
Stlth    +.........             (no amulet)
HPRegen  1.11/turn              p - ring of see invisible
MPRegen  0.13/turn              N - ring of protection from magic

@: lethally poisoned (-4 -> -9), repel missiles
A: large, unfitting armour, claws 3, fast metabolism 3, gourmand, regeneration
1, shaggy fur 1, tough skin 3
a: Berserk, Trog's Hand, Brothers in Arms, Renounce Religion


You were on level 3 of the Lair of Beasts.
You worshipped Trog.
Trog was extremely pleased with you.
You were very full.

You visited 2 branches of the dungeon, and saw 15 of its levels.
You also visited: Bailey and Volcano.

You collected 1270 gold pieces.

Inventory:

Hand Weapons
 e - a +0 vorpal flail
 j - a +1 hunting sling
 r - a +1 falchion of electrocution
 F - a +2 glaive of flaming
 L - a +0 dire flail
 O - a +3 dire flail of protection
 V - a +2 mace of protection
 X - a +0 arbalest of flaming
Missiles
 a - 36 boomerangs (quivered)
 c - 297 stones
 f - 26 poisoned darts
 o - 73 bolts
 v - 4 large rocks
 K - 6 atropa-tipped darts
 M - 2 throwing nets
 Q - 5 silver boomerangs
Armour
 k - a +0 kite shield
 n - a scarf of repulsion (worn)
 G - a +0 cloak
 J - a +2 robe of magic resistance
 R - a +1 troll leather armour (worn)
Jewellery
 p - a ring of see invisible (left claw)
 D - an uncursed ring of magical power
 N - a ring of protection from magic (right claw)
Wands
 t - a wand of digging (10)
 E - a wand of flame (14)
 I - a wand of paralysis (10)
 Z - a wand of iceblast (8)
Scrolls
 h - a scroll of random uselessness {unknown}
 l - a scroll of teleportation
 m - 2 scrolls of magic mapping
 w - a scroll of amnesia {unknown}
 y - 2 scrolls of identify
 z - 3 scrolls of immolation
 A - 4 scrolls of remove curse
 H - a scroll of noise {unknown}
 S - 2 scrolls of enchant armour
Potions
 d - 2 potions of flight
 g - 2 potions of cancellation
 q - 3 potions of haste
 s - 4 potions of lignification
 u - 2 potions of heal wounds
 x - a potion of invisibility {unknown}
 B - 4 potions of might
 C - 3 potions of berserk rage {unknown}
 T - a potion of magic {unknown}
 W - a potion of mutation {unknown}
 Y - 2 potions of curing
Miscellaneous
 P - a box of beasts
Comestibles
 b - 24 rations
 i - 7 chunks of flesh


   Skills:
 + Level 9.8 Fighting
 - Level 6.0 Maces & Flails
 - Level 4.0 Throwing
 - Level 5.0 Armour
 + Level 9.1 Dodging
 + Level 6.2 Shields
 + Level 9.5 Unarmed Combat
 - Level 3.0 Evocations


You had 11 spell levels left.
You didn't know any spells.
Your spell library was empty.

Dungeon Overview and Level Annotations

Branches:
Dungeon (12/15)            Temple (0/1) D:4            Lair (3/6) D:10
 Shoals (0/4) Lair:2       Bailey (visited)         Volcano (visited)
  Snake: Lair:2-4    Spider: Lair:2-4       Orc: D:9-12

Altars:
Ashenzari
Fedhas
Hepliaklqana
Qazlal
Ru
Sif Muna
Wu Jian
Xom
Yredelemnul

Shops:
D:5 (   D:8 *

Annotations:
D:3 2 runed translucent doors, Charmandara's ghost, amateur DgIE
D:9 1 runed translucent door, experimilk's ghost, novice HOFi
D:10 1 runed translucent door, ChodeyFoster's ghost, journeyman MiBe


Innate Abilities, Weirdness & Mutations

You are too large for most types of armour.
You have claws for hands.
Your metabolism is lightning-fast.
You like to eat raw meat.
Your natural rate of healing is unusually fast.
You are covered in fur. (AC +1)
You have extremely tough skin. (AC +3)


Message History

The black mamba is almost dead.
You feel sick. The black mamba bites you!
* * * LOW HITPOINT WARNING * * *
The black mamba bites you but does no damage.
You barely miss the black mamba. Your claw misses the black mamba.
The black mamba is almost dead.
You feel sick. The black mamba closely misses you.
You barely miss the black mamba.
The black mamba is almost dead.
You feel very sick. The black mamba misses you.
The black mamba bites you but does no damage.
You barely miss the black mamba.
The black mamba is almost dead.
You feel sick. The black mamba bites you.
* * * LOW HITPOINT WARNING * * *
You closely miss the black mamba.
The black mamba is almost dead.
You feel sick. The black mamba bites you!
You die...

#..#..........#
..#........####
####.....#### #
#.........# #. #
#...##....## ...
##...#.....# ### ....
#...#....####.##.....
#..##................
##..#........%@.......
###...........#..S...!..
P###..........#.##......
............##### #.....
##[...###.... .....
##...###P...# ..#.
#.....####...## ##
#.##...# #P...# .###...#
...#


You could see a black mamba.

Vanquished Creatures
  Harold (D:8)
  Erica (D:9)
  6 death yaks
  2 two-headed ogres
  An unseen horror (D:12)
  An orc knight (Bailey)
  A deep elf mage (D:12)
  A black mamba (Lair:3)
  A molten gargoyle (Volcano)
  A merfolk siren (Lair:2)
  Psyche (D:8)
  5 spiny frogs
  A kobold demonologist (D:11)
  2 gargoyles (Volcano)
  3 trolls
  3 blink frogs (Lair:1)
  Prince Ribbit (D:9)
  A hippogriff (D:8)
  A wraith (D:9)
  Sigmund (D:4)
  A shadow (D:11)
  11 yaks
  A wyvern (D:8)
  A fire elemental (Volcano)
  Grum (D:7)
  A hungry ghost (D:7)
  Eustachio (D:4)
  A basilisk (Lair:1)
  Edmund (D:4)
  A soldier ant (D:11)
  2 hell hounds (Lair:1)
  4 water moccasins
  6 porcupines
  An ice beast (D:8)
  9 orc warriors
  2 black bears
  3 sky beasts
  20 wolves
  2 phantoms
  6 ogres
  2 necrophages (D:9)
  6 centaurs
  3 crocodiles
  2 big kobolds
  An elf zombie (D:9)
  5 bullfrogs
  A wyvern skeleton (D:8)
  4 scorpions
  14 killer bees (D:9)
  3 wights (D:9)
  2 howler monkeys (D:8)
  2 crimson imps
  A quasit (D:6)
  5 human zombies (D:9)
  2 bullfrog zombies
  5 orc priests
  5 hounds
  3 orc wizards
  A centaur skeleton (D:4)
  A gnoll shaman (D:10)
  Jessica (D:3)
  A human skeleton (D:9)
  3 iguanas
  7 worker ants
  4 hound skeletons
  2 worker ant zombies
  12 gnolls
  4 adders
  4 river rats (D:10)
  2 shadow imps
  2 oozes (D:1)
  An adder skeleton (D:10)
  2 worms
  2 dart slugs
  3 leopard geckos
  41 orcs
  3 giant cockroaches
  19 goblins
  19 hobgoblins
  4 jackals
  2 quokkas
  2 ball pythons (D:3)
  3 bats
  9 frilled lizards
  A jackal zombie (D:5)
  30 kobolds
  An orc skeleton (D:9)
  5 rats
367 creatures vanquished.

Vanquished Creatures (collateral kills)
  A death yak (Lair:2)
  2 merfolk sirens (Lair:2)
  A merfolk (Lair:2)
  A yak (Lair:2)
5 creatures vanquished.

Vanquished Creatures (others)
  A fungus (Lair:1)
1 creature vanquished.

Grand Total: 373 creatures vanquished

Notes
Turn   | Place    | Note
-------+----------+-------------------------------------------
     0 | D:1      | sieger the Troll Berserker began the quest for the Orb.
     0 | D:1      | Reached XP level 1. HP: 22/22 MP: 0/0
    43 | D:1      | Reached XP level 2. HP: 22/29 MP: 1/1
   479 | D:2      | Reached XP level 3. HP: 36/36 MP: 2/2
   485 | D:2      | Reached ** piety under Trog
   616 | D:2      | Found a sacrificial altar of Ru.
   695 | D:2      | Reached skill level 1 in Armour
   773 | D:2      | Found a stormy altar of Qazlal.
   885 | D:2      | Found a faded altar of an unknown god.
  1296 | D:3      | Reached XP level 4. HP: 42/44 MP: 3/3
  1664 | D:3      | Found a large runed translucent door.
  1665 | D:3      | Found a large runed translucent door.
  1668 | D:3      | Noticed Charmandara's ghost (amateur DgIE)
  1777 | D:3      | Noticed Jessica
  1783 | D:3      | Killed Jessica
  2184 | D:4      | Noticed Edmund
  2186 | D:4      | Noticed Sigmund
  2217 | D:4      | Killed Sigmund
  2217 | D:4      | Reached skill level 1 in Throwing
  2217 | D:4      | Reached XP level 5. HP: 50/53 MP: 4/4
  2217 | D:4      | Reached XP level 6. HP: 57/61 MP: 5/5
  2227 | D:4      | Killed Edmund
  2282 | D:4      | Noticed Eustachio
  2288 | D:4      | Killed Eustachio
  2288 | D:4      | Reached XP level 7. HP: 68/68 MP: 6/6
  2408 | D:4      | Found an ornate altar of the Wu Jian Council.
  2662 | D:4      | Found a staircase to the Ecumenical Temple.
  2706 | D:5      | Entered Level 5 of the Dungeon
  2871 | D:5      | Found Quutwioc's Antique Weapon Boutique.
  2963 | D:5      | Found a shimmering blue altar of Sif Muna.
  2963 | D:5      | Found a blossoming altar of Fedhas.
  3158 | D:5      | Reached *** piety under Trog
  3636 | D:6      | Found a shattered altar of Ashenzari.
  3640 | D:6      | Reached skill level 5 in Unarmed Combat
  3650 | D:6      | Reached XP level 8. HP: 51/78 MP: 7/7
  4204 | D:6      | Reached **** piety under Trog
  4312 | D:6      | Reached skill level 5 in Dodging
  4641 | D:7      | Reached skill level 5 in Fighting
  4645 | D:7      | Reached skill level 1 in Maces & Flails
  4645 | D:7      | Reached XP level 9. HP: 46/88 MP: 8/8
  4905 | D:7      | Found a hazy altar of Hepliaklqana.
  5094 | D:8      | Noticed Grum
  5100 | D:7      | Killed Grum
  5115 | D:7      | Reached skill level 1 in Evocations
  5264 | D:8      | Found Xyutop's Island Escapes.
  5387 | D:8      | Noticed Harold
  5416 | D:8      | Reached skill level 5 in Armour
  5424 | D:8      | Killed Harold
  5424 | D:8      | Reached XP level 10. HP: 77/98 MP: 10/10
  5432 | D:8      | Reached ***** piety under Trog
  5967 | D:8      | Noticed Psyche
  5975 | D:8      | Killed Psyche
  6117 | D:9      | Found a flagged portal.
  6206 | D:9      | Found a runed translucent door.
  6208 | D:9      | Noticed experimilk's ghost (novice HOFi)
  6208 | D:9      | Noticed a yaktaur captain
  6280 | D:9      | Noticed Prince Ribbit
  6313 | D:9      | Killed Prince Ribbit
  6615 | D:9      | Noticed Erica
  6626 | D:9      | Killed Erica
  6626 | D:9      | Reached skill level 5 in Maces & Flails
  7335 | D:9      | Found a basalt altar of Yredelemnul.
  7652 | D:10     | Entered Level 10 of the Dungeon
  7714 | D:10     | Found a flagged portal.
  7741 | Bailey   | Entered a bailey
  7793 | Bailey   | Noticed an orc knight
  7800 | Bailey   | Killed an orc knight
  7825 | Bailey   | Received a gift from Trog
  7872 | Bailey   | Reached XP level 11. HP: 80/109 MP: 12/12
  8340 | D:10     | Noticed a death yak
  8341 | D:10     | Noticed a death yak
  8369 | D:10     | Found a staircase to the Lair.
  8369 | D:10     | Noticed a death yak
  8489 | D:11     | Noticed a two-headed ogre
  8495 | D:11     | Killed a two-headed ogre
  8495 | D:11     | Reached skill level 1 in Shields
  8801 | D:11     | Killed a death yak
  9105 | D:10     | You fall into a shaft and drop 2 floors!
  9105 | D:12     | Noticed a deep elf mage
  9112 | D:12     | Killed a deep elf mage
  9239 | D:12     | Noticed an unseen horror
  9247 | D:12     | Killed an unseen horror
  9511 | D:11     | Killed a death yak
  9845 | D:10     | Killed a death yak
  9904 | D:10     | Noticed a two-headed ogre
  9918 | D:10     | Killed a two-headed ogre
 10117 | D:10     | Found a runed translucent door.
 10117 | D:10     | Found a shimmering altar of Xom.
 10117 | D:10     | Noticed a +2 flail of chaos
 10117 | D:10     | Noticed ChodeyFoster's ghost (journeyman MiBe)
 10448 | Lair:1   | Entered Level 1 of the Lair of Beasts
 10489 | Lair:1   | You fall into a shaft and drop 1 floor!
 10513 | Lair:2   | Reached XP level 12. HP: 122/122 MP: 13/13
 10580 | Lair:2   | Received a gift from Trog
 10616 | Lair:2   | Noticed a death yak
 10781 | Lair:1   | Found a dark tunnel.
 10794 | Volcano  | Entered a volcano
 10798 | Volcano  | Reached skill level 5 in Shields
 11772 | Lair:2   | Found a staircase to the Shoals.
 11779 | Lair:2   | Noticed a death yak
 11783 | Lair:2   | Noticed a death yak
 11783 | Lair:2   | Killed a death yak
 11783 | Lair:2   | Noticed a death yak
 11784 | Lair:2   | Noticed a death yak
 11784 | Lair:2   | Noticed a death yak
 11789 | Lair:1   | Killed a death yak
 11799 | Lair:1   | Killed a death yak
 11983 | Lair:3   | Killed a death yak
 12404 | Lair:3   | Slain by a black mamba

Illustrated notes

Levels and vault maps discovered:
D:1:      dpeg_arrival_shrine, layout_rooms
D:2:      layout_loops_cross, nicolae_overflow_crystal_walls,
          nicolae_ru_awakened_eye, chequers_ecumenical_altar_simple_redux,
          patterned_corridor
D:3:      layout_loops_corners, ebering_ghost_disaster_area,
          minmay_misc_feat_more_columns, uniq_jessica, uniq_crazy_yiuf_cottage
D:4:      layout_rooms, kennysheep_mini_moat,
          minmay_temple_entry_enclosed_plants, first_ration, uniq_eustachio,
          uniq_sigmund, uniq_edmund
D:5:      layout_gridville, gammafunk_temple_overflow_elements, serial_shops,
          shop, serial_glass, glass_columns_a, glass_columns_b, minivault_27
D:6:      corexii_shantytown, layout_rooms, basic_altar
D:7:      layout_rooms, lemuel_coloured_pillars_altar, minmay_quadrilaterals
D:8:      layout_loops_ring, nicolae_island_escapes, uniq_harold, uniq_psyche,
          uniq_grum
D:9:      layout_irregular_city, lemuel_mausoleum_altar_yredelemnul,
          ebering_ghost_inner_flame, enter_bailey_3, uniq_erica,
          uniq_prince_ribbit1
D:10:     layout_layer_cave, dpeg_lair_monsters, enter_bailey_2,
          ebering_ghost_xom
D:11:     layout_roguey [special_room_bee]
D:12:     layout_layer_cave, zombieorc1_lemuel, serial_shops, shop, uniq_rupert
Lair:1:   layout_misc_corridors, enter_volcano_3
Lair:2:   layout_gridlike, elwin_shoals_entry_stream, grunt_megastairs_2,
          lemuel_fruit_tree
Lair:3:   layout_layer_cave, grunt_megastairs_5, lemuel_fruit_fields,
          infiniplex_staircase_pool, lemuel_fruit_fields, serial_bayou_shore_b,
          uniq_gastronok

Skill      XL: |  1  2  3  4  5  6  7  8  9 10 11 12 |
---------------+-------------------------------------+-----
Dodging        | 3 4 5 6 7 8 9 |  9.1
Armour         | 1 2 3 4 5 |  5.0
Fighting       | 3 4 5 6 7 8 9 |  9.8
Throwing       | 1 2 3 4 |  4.0
Unarmed Combat | 4 5 6 8 9 |  9.5
Maces & Flails | 1 3 5 6 |  6.0
Evocations     | 2 3 |  3.0
Shields        | 4 6 |  6.2

Action                   |  1- 3 |  4- 6 |  7- 9 | 10-12 || total
-------------------------+-------+-------+-------+-------++-------
Melee: Unarmed           |   102 |    53 |   330 |   739 ||  1224
       Punch             |       |     3 |     7 |    23 ||    33
Throw: Stone             |       |       |    10 |    22 ||    32
       Boomerang         |       |       |       |   140 ||   140
Invok: Berserk           |       |     2 |     4 |    20 ||    26
       Trog's Hand       |       |       |       |     1 ||     1
       Brothers in Arms  |       |       |       |     1 ||     1
Evoke: Wand              |       |       |     1 |       ||     1
  Use: Scroll            |     6 |     4 |     2 |    15 ||    27
       Potion            |       |       |     1 |     6 ||     7
 Stab: Sleeping          |       |       |     2 |     1 ||     3
  Eat: Chunk             |    13 |     6 |    41 |    82 ||   142
       Ration            |       |       |     2 |     1 ||     3
Armor: Animal skin       |    35 |    26 |    70 |       ||   131
       Robe              |       |       |    58 |   135 ||   193
       Troll leather arm |       |       |       |   122 ||   122
       Skin              |       |       |       |     1 ||     1
Dodge: Dodged            |    43 |    44 |   218 |   735 ||  1040
       Repelled          |       |     2 |     1 |    77 ||    80
